AoeStats
← SinManos

Black Forest

508779289Analyzed
4v4 RM · 9d ago on Sep 24, 2026· 61m 32s· 8 players
Game mode
Random Map
Map size
Large (8 player)
Population
200
Speed
Normal
Resources
Standard
Victory
Conquest
Starting age
Dark Age
Ending age
Imperial Age
RankedLock teamsTeams togetherTeam positionsShared explorationLock speedFull tech treeHidden civsTurbo modeCheats
Victory
Defeat
🇦🇺 Saxons · Australia
1396
+15
🇲🇽 Georgians · Mexico
1392
+15
🇨🇳 Persians · China
1349
+17
🇩🇪 Danes · Germany
1316
+19
🇧🇷 Varangians · Brazil
1378
-17
🇺🇸 Japanese · United States
1376
-17
🇨🇱 Khmer · Chile
1362
-16
🇺🇸 Danes · United States
1360
-16
Non faux pa
0:58 Loom
13:21 Feudal Age
14:27 Fishing Lines
17:59 Castle Age
16:24 Double-Bit Axe
17:04 Fletching
20:37 Bodkin Arrow
21:11 Gillnets
22:04 Town Watch
22:41 Bow Saw
28:44 Guard Tower
29:15 Ballistics
28:36 Treadmill Crane
29:07 Masonry
29:38 Fortified Wall
33:11 Imperial Age
31:40 Yasama
32:01 Murder Holes
34:28 Kataparuto
35:03 Keep
35:28 Chemistry
35:16 Bracer
41:41 Wheelbarrow
42:29 Scale Mail Armor
42:39 Forging
42:33 Man-at-Arms
43:02 Elite Samurai
43:57 Long Swordsman
44:41 Squires
45:00 Chain Mail Armor
45:20 Iron Casting
44:58 Gambesons
44:54 Two-Handed Swordsman
45:27 Pikeman
46:30 Arson
47:17 Plate Mail Armor
51:32 Caravan
54:26 Champion
54:58 Capped Ram
55:04 Capped Ram
all peacocks are the same
0:49 Loom
12:43 Feudal Age
13:59 Town Watch
14:03 Double-Bit Axe
19:42 Castle Age
26:12 Bow Saw
27:10 Scale Mail Armor
27:54 Wheelbarrow
28:12 Gold Mining
29:45 Fletching
30:10 Chain Mail Armor
29:42 Fishing Lines
33:48 Imperial Age
31:44 Masonry
32:33 Pikeman
33:13 Squires
33:56 Chain Mail Armor
33:52 Halberdier
42:39 Man-at-Arms
46:22 Horse Collar
49:50 Elite Skirmisher
51:11 Bodkin Arrow
52:10 Padded Archer Armor
54:41 Bracer
55:29 Heavy Plow
l3av3x
10:57 Feudal Age
14:37 Castle Age
13:11 Double-Bit Axe
13:06 Horse Collar
16:06 Bow Saw
21:40 Wheelbarrow
24:29 Heavy Plow
25:41 Stone Mining
26:28 Gold Mining
29:33 Imperial Age
26:51 Loom
26:51 Town Watch
27:38 Scale Barding Armor
28:09 Hand Cart
28:26 Caravan
29:04 Stone Shaft Mining
28:49 Chain Barding Armor
29:00 Forging
30:49 Conscription
29:52 Elite Jarl
31:09 Plate Barding Armor
31:09 Iron Casting
30:43 Siege Engineers
31:42 Crop Rotation
32:13 Two-Man Saw
32:46 Chemistry
32:40 Fletching
35:00 Blast Furnace
33:55 Bodkin Arrow
34:41 Masonry
36:03 Bloodlines
41:15 Architecture
41:25 Bracer
41:34 Husbandry
42:10 Treadmill Crane
49:43 Onager
52:15 Scale Mail Armor
52:37 Ballistics
51:56 Heavy Scorpion
56:28 Capped Ram
61:05 Elite Varangian Guard
61:31 Arson
SinManos
8:43 Loom
11:50 Feudal Age
14:48 Castle Age
12:48 Double-Bit Axe
12:45 Horse Collar
16:25 Wheelbarrow
16:04 Bow Saw
22:14 Heavy Plow
23:08 Gold Mining
23:10 Stone Mining
28:32 Imperial Age
26:58 Hand Cart
27:08 Padded Archer Armor
27:31 Husbandry
27:42 Bloodlines
28:12 Gold Shaft Mining
28:06 Leather Archer Armor
29:44 Scale Barding Armor
30:13 Ring Archer Armor
29:36 Fletching
30:35 Crop Rotation
30:50 Stone Shaft Mining
31:31 Chemistry
30:52 Ballistics
31:18 Conscription
30:32 Elite Ballista Elephant
31:47 Double Crossbow
31:29 Light Cavalry
32:17 Scale Barding Armor
33:22 Chain Barding Armor
33:14 Forging
33:02 Hussar
38:17 Iron Casting
43:08 Blast Furnace
42:45 Plate Barding Armor
45:08 Capped Ram
45:56 Capped Ram
48:30 Bodkin Arrow
54:25 Siege Ram
56:33 Caravan
.|.
0:27 Loom
11:49 Feudal Age
16:22 Castle Age
14:26 Double-Bit Axe
14:53 Horse Collar
16:36 Wheelbarrow
17:43 Fishing Lines
22:44 Bow Saw
27:01 Gillnets
27:22 Heavy Plow
31:10 Imperial Age
29:46 Svan Towers
29:59 Hand Cart
30:14 Fortified Wall
30:38 Town Watch
31:31 Ballistics
31:09 Murder Holes
30:55 Treadmill Crane
31:39 Guard Tower
31:43 Fletching
31:54 Padded Archer Armor
32:49 Conscription
32:50 Gold Mining
32:51 Stone Mining
32:58 Bodkin Arrow
34:48 Chemistry
34:49 Keep
35:39 Arrowslits
35:56 Bracer
36:32 Parthian Tactics
41:08 Pikeman
41:34 Gambesons
41:35 Arson
42:32 Halberdier
43:13 Squires
46:19 Forging
46:09 Scale Mail Armor
47:54 Iron Casting
52:58 Crop Rotation
54:25 Blast Furnace
53:41 Chain Mail Armor
57:25 Plate Mail Armor
Haider_435
0:33 Loom
12:45 Feudal Age
16:33 Castle Age
15:29 Double-Bit Axe
23:22 Scale Mail Armor
24:03 Horse Collar
24:37 Bow Saw
30:01 Imperial Age
27:52 Squires
27:39 Arson
27:43 Fishing Lines
28:05 Gold Mining
30:41 Forging
31:04 Chain Mail Armor
31:25 Conscription
33:07 Plate Mail Armor
33:12 Iron Casting
33:23 Elite Varangian Guard
36:29 Blast Furnace
37:26 Fletching
37:36 Padded Archer Armor
38:08 Bodkin Arrow
39:18 Wheelbarrow
38:36 Gillnets
39:33 Ballistics
40:13 Chemistry
39:24 Bracer
40:18 Heavy Mounted Crossbowman
41:31 Thumb Ring
41:44 Leather Archer Armor
42:18 Hand Cart
41:34 Cranequins
44:56 Bloodlines
44:47 Husbandry
44:27 Elite Skirmisher
46:08 Siege Engineers
46:21 Pikeman
48:03 Caravan
49:58 Ring Archer Armor
49:23 Halberdier
51:11 Onager
52:55 Siege Onager
55:41 Northmen's Fury
61:03 Hamask
Texas Mil
10:59 Feudal Age
15:06 Castle Age
13:57 Double-Bit Axe
16:35 Fishing Lines
17:39 Bow Saw
20:50 Gold Mining
20:53 Stone Mining
22:50 Horse Collar
23:17 Gillnets
23:35 Heavy Plow
26:08 Wheelbarrow
30:05 Imperial Age
28:40 Gold Shaft Mining
28:59 Scale Mail Armor
29:09 Forging
28:56 Treadmill Crane
29:56 Chain Mail Armor
29:28 Pikeman
30:09 Squires
30:03 Arson
30:19 Squires
30:04 Gambesons
30:07 Shield Wall
31:08 Conscription
30:20 Elite Varangian Guard
31:37 Iron Casting
30:50 Loom
31:21 Hand Cart
30:35 Capped Ram
30:43 Pikeman
32:47 Chemistry
32:07 Ballistics
32:04 Halberdier
33:19 Plate Mail Armor
32:40 Fletching
32:42 Siege Ram
33:17 Elite Hearth Troop
34:52 Bodkin Arrow
39:42 Masonry
39:38 Siege Engineers
39:19 Arrowslits
40:21 Guard Tower
43:00 Keep
43:35 Man-at-Arms
45:01 Bracer
45:02 Padded Archer Armor
44:56 Elite Skirmisher
47:58 Leather Archer Armor
KG789
11:49 Feudal Age
16:42 Castle Age
15:06 Double-Bit Axe
15:17 Horse Collar
15:48 Fishing Lines
17:38 Wheelbarrow
22:45 Gillnets
24:42 Bow Saw
26:51 Heavy Plow
30:16 Imperial Age
29:06 Scale Barding Armor
29:12 Forging
28:58 Gold Mining
29:12 Husbandry
29:23 Bloodlines
29:53 Hand Cart
29:24 Loom
30:11 Chain Barding Armor
30:24 Coinage
30:43 Gold Shaft Mining
29:59 Stone Mining
30:27 Devotion
29:55 Elite War Elephant
30:56 Conscription
31:57 Two-Man Saw
31:29 Crop Rotation
31:43 Stone Shaft Mining
32:03 Iron Casting
32:16 Plate Barding Armor
32:27 Banking
34:04 Blast Furnace
33:53 Faith
37:36 Caravan
54:33 Capped Ram
55:35 Siege Ram
56:05 Light Cavalry
57:13 Hussar
Connection lost

Rejoining the realm…

Still unreachable

The connection could not be restored.

Session expired

The server has moved on; the page needs a fresh start.